AoeStats
← KND

Arabia

505076237Analyzed
1v1 RM · 23d ago on Sep 7, 2026· 34m 31s· 2 players
Game mode
Random Map
Map size
Tiny (2 player)
Population
200
Speed
Normal
Resources
Standard
Victory
Conquest
Starting age
Dark Age
Ending age
Imperial Age
RankedLock teamsTeams togetherTeam positionsShared explorationLock speedFull tech treeHidden civsTurbo modeCheats
Victory
Defeat
🇦🇷 Hindustanis · Argentina
1466
+17
🇧🇷 Franks · Brazil
1479
-17
[Gaucho] Bahco
6:24 Loom
8:37 Feudal Age
9:50 Double-Bit Axe
15:40 Forging
17:05 Fletching
23:12 Castle Age
21:52 Bloodlines
24:23 Scale Barding Armor
24:37 Husbandry
25:26 Bow Saw
25:29 Bodkin Arrow
29:28 Chain Barding Armor
KND
7:31 Loom
9:38 Feudal Age
10:32 Double-Bit Axe
19:34 Castle Age
17:39 Gold Mining
20:24 Light Cavalry
23:19 Scale Barding Armor
25:07 Chain Barding Armor
26:15 Forging
27:08 Scale Mail Armor
28:54 Wheelbarrow
28:52 Squires
29:18 Bow Saw
28:53 Pikeman
30:17 Gambesons
Connection lost

Rejoining the realm…

Still unreachable

The connection could not be restored.

Session expired

The server has moved on; the page needs a fresh start.